 Dungeon Sprint DCSS version 0.30.1-4-g462c640d31 (webtiles) character file.

Game seed: 12349001858185733004

22579 Groucho the Acrobat (level 12, -28/75 HPs)
             Began as a Spriggan Hunter on Sept 3, 2023.
             Was the Champion of Qazlal.
             Killed from afar by a hell hog (43 damage)
             ... with a fireball
             ... in the Dungeon (Sprint VII: "The Pits").
             The game lasted 00:12:53 (8251 turns).

Groucho the Acrobat (Spriggan Hunter)               Turns: 8251, Time: 00:12:53

Health: -28/75     AC:  3    Str:  7    XL:     12   Next: 64%
Magic:  12/25      EV: 41    Int: 10    God:    Qazlal [******]
Gold:   33         SH:  8    Dex: 24    Spells: 11/11 levels left

rFire   . . .        a - +0 shortbow
rCold   . . .        (shield currently unavailable)
rNeg    . . .        c - +0 robe
rPois   .            (helmet restricted)
rElec   .            q - +0 cloak
rCorr   .            (gloves unavailable)
SInv    +            (boots unavailable)
Will    ++...        (no amulet)
Stlth   +            (no ring)
HPRegen 0.32/turn    (no ring)
MPRegen 0.19/turn

%: no teleportation, repel missiles
@: very quick
A: very small, no large weapons, unfitting armour, see invisible, speed 3
a: Renounce Religion, Upheaval, Elemental Force, Disaster Area


You were in the Dungeon.
You worshipped Qazlal.
Qazlal was exalted by your worship.
You visited 1 branch You collected 33 gold pieces.

Inventory:

Hand Weapons
 a - a +0 shortbow (weapon)
Armour
 c - a +0 robe (worn)
 q - a +0 cloak (worn)
Jewellery
 m - a +3 ring of dexterity
 n - a +3 ring of protection
 t - the ring "Haomp" {Fire rN++}
   (You found it in the Dungeon)

   [ring of fire]

   It enhances your fire magic.
   rF:        It protects you from fire.
   rC:        It makes you vulnerable to cold.
   rN:        It greatly protects you from negative energy.
 u - a ring of poison resistance
Scrolls
 b - a scroll of immolation
 k - 5 scrolls of amnesia
 l - a scroll of butterflies
 s - 2 scrolls of blinking
 v - 5 scrolls of fear
 w - 2 scrolls of enchant armour
 x - 2 scrolls of identify
Potions
 d - 11 potions of curing
 e - 10 potions of heal wounds
 f - 2 potions of haste
 g - 4 potions of magic
 h - 3 potions of berserk rage
 i - 2 potions of brilliance
 j - 2 potions of invisibility
 o - 2 potions of might
 p - 2 potions of resistance
 r - a potion of cancellation


   Skills:
 + Level 14.4 Fighting
 + Level 17.2 Ranged Weapons
 + Level 21.4 Dodging
 - Level 1.5 Stealth
 + Level 16.8 Invocations


You had 11 spell levels left.
You didn't know any spells.
Your spell library contained the following spells:

 Spells                   Type           Power      Damage    Failure   Level
 Portal Projectile        Hex/Tloc       0%         N/A       75%         3
 Tukima's Dance           Hex            0%         N/A       75%         3
 Blade Hands              Tmut           0%         N/A       100%        5


Dungeon Overview and Level Annotations

Branches:
Dungeon (1/1)

Altars:
Ashenzari
Cheibriados
Dithmenos
Elyvilon
Fedhas
Gozag
Hepliaklqana
Kikubaaqudgha
Makhleb
Nemelex Xobeh
Okawaru
Qazlal
Ru
Sif Muna
Trog
Uskayaw
Vehumet
Wu Jian
Xom
Yredelemnul
Zin
The Shining One
Jiyva
Lugonu


Innate Abilities, Weirdness & Mutations

You are very small and have problems with some larger weapons.
You are too small for most types of armour.
You have supernaturally acute eyesight. (SInv)
You cover ground extremely quickly. (Speed+++)


Message History

The orc knight is almost dead.
You shoot an arrow. The arrow hits the orc knight!
You kill the orc knight!
Qazlal accepts your kill.
No target in view!
You start resting.
You start resting.
You hear an angry squeal.
A hell hog comes into view.
A hell hog is nearby!
A hell hog is nearby!
You shoot an arrow. The arrow hits the hell hog.
The hell hog is lightly wounded.
You shoot an arrow. The arrow hits the hell hog.
The hell hog is lightly wounded.
You shoot an arrow. The arrow hits the hell hog.
The hell hog is lightly wounded.
You shoot an arrow. The arrow hits the hell hog.
The hell hog is moderately wounded.
The hell hog breathes fire at you.
The fireball explodes!
The fireball engulfs you!!
You shoot an arrow. The arrow barely misses the hell hog.
You shoot an arrow. The arrow hits the hell hog!
The hell hog is moderately wounded.
You shoot an arrow. The arrow hits the hell hog!
The hell hog is heavily wounded.
You shoot an arrow. The arrow barely misses the hell hog.
The hell hog breathes fire at you.
The fireball explodes!
The fireball engulfs you!!
* * * LOW HITPOINT WARNING * * *
Things that are here:
a +2 hand axe; a +0 robe You feel much better.
The hell hog breathes fire at you.
The fireball explodes!
The fireball engulfs you!!
* * * LOW HITPOINT WARNING * * *
The hell hog breathes fire at you.
The fireball explodes!
The fireball engulfs you!!!
Ouch! That really hurt!
You die...

############
#_________.#
#_________.#
#_______...###########+
##########'##..........
#.?(.')))'.##......#..#
##########°##..........
#..)..@..h..'..).)))...
#'#####'#####......#..#
#.#...#.#..##..........
#.#...#.#))#####'#####'
#.#...'.#))##.......##'
#)##'####))##.......##.
#.#.....#[[##.......##.
#.#.....#'###...<...##.
#.#........##.......##.


You could see a hell hog (catching breath).

Vanquished Creatures
  2 orc warlords (D)
  2 vampire knights (D)
  A merfolk javelineer (D)
  A great orb of eyes (D)
  A vault guard (D)
  A hydra (D)
  Erica (D)
  A catoblepas (D)
  A hell hog (D)
  A sun demon (D)
  A deep troll (D)
  A bog body (D)
  A flayed ghost (D)
  A phantasmal warrior (D)
  8 orc knights (D)
  2 deep elf pyromancers (D)
  A guardian serpent (D)
  3 elephants (D)
  2 kobold demonologists (D)
  A cane toad (D)
  4 merfolk (D)
  2 polar bears (D)
  A troll (D)
  A tyrant leech (D)
  A hellwing (D)
  A hornet (D)
  5 dream sheep (D)
  A jumping spider (D)
  A spriggan (D)
  2 wraiths (D)
  A vampire (D)
  A basilisk (D)
  2 shadows (D)
  A fire bat (D)
  A steam dragon (D)
  2 redbacks (D)
  A floating eye (D)
  2 ice beasts (D)
  A sky beast (D)
  A kobold brigand (D)
  2 bullfrogs (D)
  A necrophage (D)
  A gnoll sergeant (D)
  A scorpion (D)
  10 wights (D)
  A crimson imp (D)
  A hound (D)
  A jelly (D)
  An orc priest (D)
  An orc wizard (D)
  A mummy (D)
  5 gnolls (D)
  2 adders (D)
  A river rat (D)
  A white imp (D)
  A worm (D)
  2 orcs (D)
  2 ball pythons (D)
  An endoplasm (D)
  A giant cockroach (D)
  2 jackals (D)
  A ball python skeleton (D)
  A bat (D)
  A bat simulacrum (D)
  A frilled lizard (D)
  A quokka skeleton (D)
  A rat (D)
110 creatures vanquished.

Vanquished Creatures (others)
  A rat (D)
1 creature vanquished.

Grand Total: 111 creatures vanquished

Notes
Turn   | Place    | Note
-------+----------+-------------------------------------------
     0 | D        | Groucho the Spriggan Hunter began the quest for the Orb.
     0 | D        | Reached XP level 1. HP: 10/10 MP: 2/2
    42 | D        | Reached skill level 3 in Dodging
    42 | D        | Reached skill level 1 in Invocations
    42 | D        | Reached XP level 2. HP: 15/15 MP: 2/4
    73 | D        | Found a bloodstained altar of Trog.
    73 | D        | Found a shimmering blue altar of Sif Muna.
    73 | D        | Found a viscous altar of Jiyva.
    73 | D        | Found a hazy altar of Hepliaklqana.
    73 | D        | Found an opulent altar of Gozag.
    74 | D        | Found a glowing golden altar of the Shining One.
    74 | D        | Found a glowing silver altar of Zin.
    74 | D        | Found a basalt altar of Yredelemnul.
    74 | D        | Found a shimmering altar of Xom.
    74 | D        | Found an ornate altar of the Wu Jian Council.
    74 | D        | Found a sacrificial altar of Ru.
    74 | D        | Found a stormy altar of Qazlal.
    74 | D        | Found an iron altar of Okawaru.
    74 | D        | Found a sparkling altar of Nemelex Xobeh.
    74 | D        | Found a burning altar of Makhleb.
    74 | D        | Found a blossoming altar of Fedhas.
    74 | D        | Found a white marble altar of Elyvilon.
    74 | D        | Found a shadowy altar of Dithmenos.
    74 | D        | Found a snail-covered altar of Cheibriados.
    76 | D        | Found a radiant altar of Vehumet.
    76 | D        | Found a corrupted altar of Lugonu.
    77 | D        | Found an ancient bone altar of Kikubaaqudgha.
    77 | D        | Found a hide-covered altar of Uskayaw.
    77 | D        | Found a broken altar of Ashenzari.
    85 | D        | Became a worshipper of Qazlal Stormbringer
   112 | D        | Reached * piety under Qazlal
   113 | D        | Reached skill level 4 in Dodging
   178 | D        | Noticed a floating eye
   186 | D        | Reached ** piety under Qazlal
   209 | D        | Reached skill level 5 in Ranged Weapons
   209 | D        | Reached XP level 3. HP: 17/20 MP: 4/6
   237 | D        | Killed a floating eye
   238 | D        | Reached skill level 6 in Dodging
   238 | D        | Reached XP level 4. HP: 26/26 MP: 3/8
   259 | D        | Reached skill level 7 in Dodging
   259 | D        | Reached XP level 5. HP: 24/30 MP: 5/9
   650 | D        | Reached skill level 5 in Fighting
   650 | D        | Reached skill level 8 in Dodging
   650 | D        | Reached skill level 5 in Invocations
   667 | D        | Reached *** piety under Qazlal
   812 | D        | Reached skill level 9 in Dodging
   812 | D        | Reached XP level 6. HP: 36/36 MP: 11/11
  1078 | D        | Reached **** piety under Qazlal
  1127 | D        | Reached skill level 10 in Dodging
  1128 | D        | Reached XP level 7. HP: 25/41 MP: 13/13
  1427 | D        | Reached ***** piety under Qazlal
  1444 | D        | Noticed Erica
  1457 | D        | Killed Erica
  1458 | D        | Reached skill level 10 in Ranged Weapons
  1458 | D        | Reached skill level 12 in Dodging
  1458 | D        | Reached XP level 8. HP: 19/47 MP: 4/15
  2041 | D        | Noticed a polar bear
  2054 | D        | Killed a polar bear
  2063 | D        | Reached skill level 13 in Dodging
  2461 | D        | Noticed a tyrant leech
  2461 | D        | Noticed a bog body
  2464 | D        | Killed a tyrant leech
  2465 | D        | Reached skill level 10 in Invocations
  2470 | D        | Killed a bog body
  2471 | D        | Reached XP level 9. HP: 53/53 MP: 2/18
  2862 | D        | Noticed a hellwing
  2863 | D        | Reached skill level 14 in Dodging
  2880 | D        | Killed a hellwing
  3362 | D        | Reached skill level 15 in Dodging
  3370 | D        | Reached skill level 10 in Fighting
  3377 | D        | Reached XP level 10. HP: 51/59 MP: 9/19
  3760 | D        | Noticed a six-headed hydra
  3768 | D        | Killed a six-headed hydra
  3768 | D        | Reached ****** piety under Qazlal
  3769 | D        | Reached skill level 16 in Dodging
  3970 | D        | Noticed a flayed ghost
  3979 | D        | Killed a flayed ghost
  4340 | D        | Noticed a phantasmal warrior
  4340 | D        | Noticed a deep troll
  4342 | D        | Noticed a great orb of eyes
  4355 | D        | Killed a deep troll
  4365 | D        | Killed a phantasmal warrior
  4366 | D        | Reached skill level 17 in Dodging
  4468 | D        | Killed a great orb of eyes
  4995 | D        | Noticed a catoblepas
  4998 | D        | Reached XP level 11. HP: 61/66 MP: 13/22
  5024 | D        | Killed a catoblepas
  5025 | D        | Reached skill level 18 in Dodging
  5509 | D        | Got the ring "Haomp" {Fire rN++}
  5559 | D        | Got the ring of Hoshre {Drain rC+ rN+ Slay+4}
  6001 | D        | Noticed a sun demon
  6012 | D        | Killed a sun demon
  6017 | D        | Reached skill level 15 in Ranged Weapons
  6351 | D        | Noticed a deep elf pyromancer
  6353 | D        | Killed a deep elf pyromancer
  6353 | D        | Noticed a merfolk javelineer
  6355 | D        | Killed a merfolk javelineer
  6360 | D        | Reached skill level 19 in Dodging
  6721 | D        | Reached skill level 15 in Invocations
  7110 | D        | Noticed a deep elf pyromancer
  7115 | D        | Killed a deep elf pyromancer
  8110 | D        | Noticed a vampire knight
  8110 | D        | Noticed an orc knight
  8110 | D        | Noticed an orc knight
  8110 | D        | Noticed an orc knight
  8111 | D        | Noticed a vampire knight
  8111 | D        | Noticed an orc knight
  8111 | D        | Noticed an orc warlord
  8111 | D        | Noticed an orc warlord
  8111 | D        | Noticed an orc knight
  8111 | D        | Noticed an orc knight
  8115 | D        | Killed an orc knight
  8116 | D        | Killed an orc knight
  8116 | D        | Killed an orc knight
  8116 | D        | Killed a vampire knight
  8116 | D        | Killed an orc warlord
  8116 | D        | Killed an orc knight
  8116 | D        | Killed an orc knight
  8116 | D        | Noticed an orc knight
  8116 | D        | Noticed a vault guard
  8116 | D        | Noticed a vault guard
  8117 | D        | Reached skill level 20 in Dodging
  8117 | D        | Reached XP level 12. HP: 57/74 MP: 7/25
  8118 | D        | Killed a vampire knight
  8119 | D        | Noticed a hell hog
  8120 | D        | Killed an orc warlord
  8155 | D        | Killed a hell hog
  8156 | D        | Reached skill level 21 in Dodging
  8162 | D        | Killed a vault guard
  8237 | D        | Noticed a hell hog
  8251 | D        | Killed from afar by a hell hog

Illustrated notes

Levels and vault maps discovered:
D:        pitsprint [storerooms_1, entrance_room_1, metal_vault_1, armoury_1,
          mini_pit_1, grid_room_1, main_hall_1, silver_pit, the_coven_3,
          the_vestibule_1, steel_vault_1, golden_pit, hallway_of_sentries,
          crystal_vault_4, iron_vault_2, final_vault]

Skill      XL: |  1  2  3  4  5  6  7  8  9 10 11 12 |
---------------+-------------------------------------+-----
Fighting       | 2 3 4 5 6 7 9 10 11 13 14 | 14.4
Dodging        | 3 4 6 7 9 10 12 13 15 17 20 21 | 21.4
Invocations    | 1 2 4 6 7 9 10 11 13 16 | 16.8
Ranged Weapons | 5 6 7 8 10 11 12 14 16 17 | 17.2
Stealth        | |  1.5

Action                     |  1- 3 |  4- 6 |  7- 9 | 10-12 || total
---------------------------+-------+-------+-------+-------++-------
   Fire: Shortbow          |    32 |    54 |    47 |   123 ||   256
 Invoke: Upheaval          |     1 |       |    19 |    36 ||    56
         Disaster Area     |       |       |     1 |     5 ||     6
    Use: Potion            |       |       |     3 |     3 ||     6
         Scroll            |       |       |       |     2 ||     2
 Armour: Robe              |       |       |     3 |       ||     3
  Dodge: Dodged            |     9 |    22 |    24 |    25 ||    80
         Repelled          |       |       |     1 |       ||     1
  Block: Other             |       |     2 |     5 |     8 ||    15
